 Dungeon Crawl Stone Soup version 0.30-a0-424-g7412bad402 (webtiles) character file.

Game seed: 6495800535859253443

169 cforsyth the Trooper (level 5, -1/70 HPs)
             Began as a Minotaur Berserker on Dec 10, 2022.
             Was a Believer of Trog.
             Slain by Sigmund
             ... wielding a +4 scythe of venom
              (5 damage)
             ... on level 3 of the Dungeon.
             The game lasted 00:03:21 (2484 turns).

cforsyth the Trooper (Minotaur Berserker)           Turns: 2484, Time: 00:03:21

Health: -1/70      AC:  2    Str: 24    XL:     5   Next: 25%
Magic:  4/4        EV: 12    Int:  4    God:    Trog [**....]
Gold:   133        SH:  0    Dex:  9    Spells: 4/4 levels left

rFire   . . .      SeeInvis .    a - +0 hand axe
rCold   . . .      Faith    .    (no shield)
rNeg    . . .      Spirit   .    b - +0 animal skin
rPois   .          Reflect  .    (helmet restricted)
rElec   .          Harm     .    (no cloak)
rCorr   .          Rampage  .    (no gloves)
Will    ++...                    (no boots)
Stlth   ..........               (no amulet)
HPRegen 1.31/turn                (no ring)
MPRegen 0.09/turn                (no ring)

@: berserking, lethally poisoned (-1 -> -2), strong-willed, flying,
regenerating, hasted, very quick
A: horns 2, retaliatory headbutt
a: Renounce Religion, Berserk, Trog's Hand


You were on level 3 of the Dungeon.
You worshipped Trog.
Trog was pleased with you.
You visited 1 branch of the dungeon, and saw 3 of its levels.

You collected 133 gold pieces.

Inventory:

Hand Weapons
 a - a +0 hand axe (weapon)
Armour
 b - a +0 animal skin (worn)
Scrolls
 c - a scroll of noise {unknown}
 e - a scroll of enchant weapon {unknown}
 g - 2 scrolls of identify {unknown}
 h - a scroll of blinking {unknown}


   Skills:
 + Level 4.8 Fighting
 + Level 4.7 Axes
 + Level 3.9 Armour
 + Level 3.5 Dodging


You had 4 spell levels left.
You didn't know any spells.
Your spell library was empty.

Dungeon Overview and Level Annotations

Branches:
Dungeon (3/15)

Altars:

Annotations:
D:3 Sigmund


Innate Abilities, Weirdness & Mutations

You have a pair of horns on your head.
You reflexively headbutt those who attack you in melee.


Message History

Unknown command.
It was a potion of haste.
You feel yourself speed up.
* * * LOW HITPOINT WARNING * * *
You feel very sick. Sigmund barely misses you.
It was a potion of flight.
You feel very buoyant.
You fly up into the air.
* * * LOW HITPOINT WARNING * * *
You feel sick.
You aren't carrying any potions.
You closely miss Sigmund. Your headbutt misses Sigmund.
Sigmund is lightly wounded.
You feel less confused.
* * * LOW HITPOINT WARNING * * *
You feel sick. Sigmund barely misses you. You furiously retaliate!
You headbutt Sigmund!
Unknown command.
Unknown command.
Unknown command.
Your skin crawls.
You feel strong-willed.
You feel sick.
You fail to use your ability.
You feel sick. Sigmund closely misses you.
Okay, then.
A red film seems to cover your vision as you go berserk!
You feel yourself moving faster!
You feel mighty!
You feel sick.
Unknown command.
Unknown command.
You barely miss Sigmund. Your headbutt misses Sigmund.
Sigmund is heavily wounded.
You feel sick.
Unknown command.
Unknown command.
Unknown command.
You closely miss Sigmund. You headbutt Sigmund!
Sigmund is almost dead.
You feel sick.
Sigmund hits you with a +4 scythe of venom.
You die...

#.# #...# #.. #.# #...#
#.# #.###### #...# #.#
#......# ##### ##..
######.# ##... #.# #...#
.## #.# ...# #.#.#
.....#.###...#######.#.#
#...@@........#...#.#
##....^.....#.#.###.#
############.#.#.# #.#
#..........#...#.###..
#.....####.##.......##
#.....####.####.###.##
#.........)....># #.).
#.....####.###### #.##
###.#.# #.# #.#


You could see Sigmund.

Vanquished Creatures
  Jessica (D:3)
  2 gnolls (D:3)
  5 adders
  2 worms (D:3)
  4 dart slugs
  An orc (D:3)
  6 bats
  5 endoplasms
  3 giant cockroaches (D:1)
  7 goblins
  8 hobgoblins
  3 jackals (D:1)
  2 quokkas
  3 ball pythons
  A frilled lizard (D:1)
  2 kobolds
  5 rats
60 creatures vanquished.

Notes
Turn   | Place    | Note
-------+----------+-------------------------------------------
     0 | D:1      | cforsyth the Minotaur Berserker began the quest for the
                  | Orb.
     0 | D:1      | Reached XP level 1. HP: 19/19 MP: 0/0
    68 | D:1      | Reached XP level 2. HP: 20/27 MP: 1/1
   441 | D:1      | Found a faded altar of an unknown god.
   586 | D:1      | Reached XP level 3. HP: 27/33 MP: 2/2
  1126 | D:2      | Reached ** piety under Trog
  1365 | D:2      | Reached XP level 4. HP: 39/41 MP: 3/3
  1916 | D:3      | Noticed Jessica
  1924 | D:3      | Killed Jessica
  2160 | D:3      | Reached XP level 5. HP: 45/47 MP: 4/4
  2470 | D:3      | Noticed Sigmund
  2484 | D:3      | Slain by Sigmund

Illustrated notes

Levels and vault maps discovered:
D:1:      minmay_arrival_statue_studded, layout_basic,
          ebering_ecumenical_altar_box, minmay_splitting_lines
D:2:      layout_basic, minmay_small_reverse_x
D:3:      layout_basic, uniq_sigmund, uniq_grinder, uniq_jessica

Skill      XL: |  1  2  3 |
---------------+----------+-----
Fighting       | 4 |  4.8
Axes           | 4 |  4.7
Armour         | 3 |  3.9
Dodging        | 3 |  3.5

Action                   |  1- 3 |  4- 6 || total
-------------------------+-------+-------++-------
Melee: Hand axe          |    77 |    56 ||   133
       Headbutt          |     6 |    13 ||    19
       Punch             |     2 |       ||     2
Invok: Berserk           |       |     1 ||     1
       Trog's Hand       |       |     1 ||     1
  Use: Potion            |       |     2 ||     2
 Stab: Sleeping          |     2 |       ||     2
Armor: Animal skin       |    13 |     6 ||    19
Dodge: Dodged            |    67 |    38 ||   105

Table legend: (Time is in decaauts)
 A = Elapsed time spent in this place.
 B = Non-inter-level travel time spent in this place.
 C = Inter-level travel time spent in this place.
 D = Time resting spent in this place.
 E = Time spent auto-exploring this place.
 F = Levels seen in this place.
 G = Mean time per level.
                   A        B        C        D        E       F      G
               +--------+--------+--------+--------+--------+-----+--------+
         Total |   2494 |   2398 |     96 |      0 |   2072 |   3 |  831.3 |
       Dungeon |   2494 |   2398 |     96 |      0 |   2072 |   3 |  831.3 |
               +--------+--------+--------+--------+--------+-----+--------+

Top non-repeatable levels by time:
     D:1: 1055 daAuts
     D:2: 980 daAuts
     D:3: 458 daAuts
